 Dungeon Crawl Stone Soup version 0.22-a0-348-gd16d1391c7 (webtiles) character file.

114 Dargar the Twirler (level 4, -4/55 HPs)
             Began as a Draconian Gladiator on Apr 11, 2018.
             Succumbed to an orc wizard's poison
             ... on level 3 of the Dungeon.
             The game lasted 00:04:16 (2507 turns).

Dargar the Twirler (Draconian Gladiator)            Turns: 2507, Time: 00:04:16

Health: -4/55      AC: 22    Str: 17    XL:     4   Next: 67%
Magic:  4/4        EV:  2    Int:  8    God:
Gold:   177        SH:  4    Dex: 13    Spells: 3/3 levels left

rFire    . . .     SeeInvis .   a - +0 quarterstaff
rCold    . . .     Gourm    .   (shield currently unavailable)
rNeg     + + +     Faith    .   (armour unavailable)
rPois    +         Spirit   .   (helmet currently unavailable)
rElec    .         Reflect  +   (cloak currently unavailable)
rCorr    .         Harm     .   (gloves currently unavailable)
MR       .....     NoTele   +   (boots currently unavailable)
Stlth    +.........             f - +4 amulet of reflection
HPRegen  0.18/turn              j - ring of wizardry
MPRegen  0.09/turn              (no ring)

@: lethally poisoned (-4 -> -37), tree-form
A: unfitting armour, AC +5
a: no special abilities


You were on level 3 of the Dungeon.
You were not hungry.
You were a tree.
You visited 1 branch of the dungeon, and saw 3 of its levels.

You collected 177 gold pieces.

Inventory:

Hand Weapons
 a - a +0 quarterstaff (weapon)
Missiles
 c - 3 throwing nets (quivered)
Armour
 b - a +0 hat (melded)
Jewellery
 f - a +4 amulet of reflection (around neck)
 j - a ring of wizardry (left branch)
Scrolls
 g - 2 scrolls of identify
Potions
 h - a potion of invisibility
Comestibles
 d - 4 rations
 l - a chunk of flesh


   Skills:
 + Level 2.8 Fighting
 + Level 4.4 Staves
 + Level 1.8 Throwing
 + Level 3.6 Dodging


You had 3 spell levels left.
You didn't know any spells.

Dungeon Overview and Level Annotations

Branches:
Dungeon (3/15)

Altars:
Elyvilon
Uskayaw


Innate Abilities, Weirdness & Mutations

((Your plain brown scales are hard. (AC +5)))
You cannot fit into any form of body armour.
((You are cold-blooded and may be slowed by cold attacks.))


Message History

You feel very sick.
The orc wizard hits you but does no damage.
You are more poisoned.
You block the orc wizard's attack.
The orc wizard hits you but does no damage.
You are more poisoned.
You turn into a tree.
Your +0 hat melds into your body.
Your roots penetrate the ground.
* * * LOW HITPOINT WARNING * * *
You feel very sick.
The orc wizard hits you but does no damage. x2
You completely miss the orc wizard.
The orc wizard is severely wounded.
* * * LOW HITPOINT WARNING * * *
You feel very sick.
The orc wizard hits you but does no damage. x2
You hit the orc wizard.
The orc wizard is almost dead.
You feel yourself speed up.
You die...

#.# ####.###
#......####.
#.##........
######.#.)..####.
............#
.##.#.......#
......#..#.#
##.##.#.♣#.# #
#...o..# ###..###
.... #.....
...... .......
+........


You could see an orc wizard.

Vanquished Creatures
  5 adders
  A worm (D:2)
  3 dart slugs
  2 orcs (D:3)
  7 bats
  A giant cockroach (D:2)
  6 goblins
  6 hobgoblins
  11 jackals (D:1)
  4 frilled lizards (D:1)
  7 kobolds
  6 rats
59 creatures vanquished.

Vanquished Creatures (others)
  A leopard gecko (D:1)
1 creature vanquished.

Grand Total: 60 creatures vanquished

Notes
Turn   | Place    | Note
-------+----------+-------------------------------------------
     0 | D:1      | Dargar the Draconian Gladiator began the quest for the Orb.
     0 | D:1      | Reached XP level 1. HP: 17/17 MP: 1/1
    91 | D:1      | Reached XP level 2. HP: 23/24 MP: 2/2
   501 | D:1      | Reached XP level 3. HP: 15/29 MP: 3/3
  1211 | D:2      | Found a hide-covered altar of Uskayaw.
  1212 | D:2      | Noticed a dagger
  1212 | D:2      | Noticed a hand axe
  1267 | D:2      | Found a white marble altar of Elyvilon.
  1628 | D:2      | Reached skill level 4 in Staves
  1628 | D:2      | Reached XP level 4. HP: 33/37 MP: 4/4
  2506 | D:3      | HP: 1/55 [poisoned by an orc wizard]
  2507 | D:3      | Succumbed to an orc wizard's poison

Vault maps used:
D:1:      dpeg_arrival_oval, lemuel_old_faithful
D:2:      dancing_weapons_uskayaw, elyvilon_altar_4

Skill      XL: |  1  2  3 |
---------------+----------+-----
Dodging        | 3 |  3.6
Staves         | 4 |  4.4
Fighting       | |  2.8
Throwing       | |  1.8

Action                   |  1- 3 |  4- 6 || total
-------------------------+-------+-------++-------
Melee: Quarterstaff      |   113 |    48 ||   161
       Tailslap          |    10 |     4 ||    14
  Use: Scroll            |     4 |     4 ||     8
       Potion            |     1 |     1 ||     2
 Stab: Sleeping          |     3 |     2 ||     5
  Eat: Ration            |     1 |       ||     1
       Chunk             |       |     2 ||     2
Armor: Skin              |    37 |    16 ||    53
Dodge: Dodged            |   130 |    31 ||   161
Block: Other             |     5 |     7 ||    12
       Reflection        |     1 |     1 ||     2

Table legend:
 A = Spawn XP
 B = Non-spawn XP
 C = Spawn XP percentage of total XP
 D = Spawn monster count
 E = Non-spawn monster count
 F = Spawn count percentage of total count
 G = Total turns spent on level
                    A         B        C        D         E        F      G
               +---------+---------+-------+---------+---------+-------+---------
         Total |       0 |     164 |   0.0 |       0 |      59 |   0.0 |  2507
               +---------+---------+-------+---------+---------+-------+---------
           D:1 |       0 |      66 |   0.0 |       0 |      38 |   0.0 |  1166
           D:2 |       0 |      76 |   0.0 |       0 |      16 |   0.0 |  1120
           D:3 |       0 |      22 |   0.0 |       0 |       5 |   0.0 |   221
               +---------+---------+-------+---------+---------+-------+---------
